 Dungeon Crawl Stone Soup version 0.17-b1-22-g5359643 (webtiles) character file.

11 MrRokkomies the Sneak (level 2, -3/22 HPs)
             Began as a Formicid Assassin on Nov 5, 2015.
             Slain by a giant frog (8 damage)
             ... on level 10 of the Dungeon.
             The game lasted 00:01:42 (192 turns).

MrRokkomies the Sneak (Formicid Assassin)            Turns: 192, Time: 00:01:42

Health: -3/22      AC:  3    Str: 15    XL:     2   Next: 35%
Magic:  2/2        EV: 12    Int: 10    God:
Gold:   0          SH:  0    Dex: 12    Spells: 0 memorised, 1 level left

rFire  . . .     SeeInvis +     b - +0 blowgun
rCold  . . .     Clarity  .     c - +0 robe
rNeg   . . .     SustAt   .     (no shield)
rPois  .         Gourm    .     (helmet unavailable)
rElec  .         Spirit   .     d - +0 cloak
rCorr  .         Warding  .     (no gloves)
rMut   .         Stasis   +     (no boots)
MR     .....                    (no amulet)
Stlth  +++.......               (no ring)
                                (no ring)

@: not resistant to hostile enchantments, fairly stealthy
A: permanent stasis, dig shafts and tunnels, four strong arms, antennae 3
a: Dig, Shaft Self


You were on level 10 of the Dungeon.
You were not hungry.

You visited 1 branch of the dungeon, and saw 8 of its levels.

Inventory:

Hand Weapons
 a - a +2 dagger
 b - a +0 blowgun (weapon)
 j - a +0 morningstar
Missiles
 e - 5 poisoned needles (quivered)
Armour
 c - a +0 robe (worn)
 d - a +0 cloak (worn)
Magical Staves
 l - an uncursed staff of death {unknown}
Wands
 h - a wand of fire (2)
Scrolls
 k - a scroll of identify {unknown}
Books
 i - a book of the Warp

   Spells                             Type                      Level
   a - Recall                         Summoning/Translocation      3
   b - Gell's Gravitas                Hexes/Translocation          3
   c - Force Lance                    Conjuration/Translocation    4
   d - Phase Shift                    Translocation                5
   e - Warp Weapon                    Charms/Translocation         5
   f - Summon Forest                  Summoning/Translocation      5
Comestibles
 g - a bread ration


   Skills:
 - Level 2.1 Fighting
 - Level 2.0 Short Blades
 * Level 1.1 Maces & Flails
 - Level 1.5 Throwing
 * Level 1.5 Dodging
 - Level 4.8 Stealth


You had one spell level left.
You didn't know any spells.

Dungeon Overview and Level Annotations

Branches:
Dungeon (11/15)
 Temple: D:4-7         Lair: D:8-11         Orc: D:9-12

Altars:


Innate Abilities, Weirdness & Mutations

You are under a permanent stasis effect.
You can dig through walls and to a lower floor.
Your four strong arms can wield two-handed weapons with a shield.
You have a pair of large antennae on your head (SInv).


Message History

Press: ? - help, Shift-Dir - straight line, f/p - giant frog
Aim: a giant frog You shoot a poisoned needle.
The poisoned needle barely misses the giant frog.
The giant frog hits you but does no damage.
The giant frog hits you but does no damage.
The giant frog hits you.
* * * LOW HITPOINT WARNING * * *
The giant frog hits you.
* * * LOW HITPOINT WARNING * * *
Found 12 gold pieces.
Evoke which item? (* to show all) (? for menu, Esc to quit)
Zapping:
h - a wand of fire (will waste charges)
Press: ? - help, Shift-Dir - straight line, f/p - giant frog
Aim: a giant frog The bolt of fire hits the giant frog.
The giant frog is almost dead.
Evoking this partially-identified wand wasted a few charges.
The giant frog hits you!
You die...

.. ##. ..### #.. >..
###.....###.# ..
#...........##.#
###..#.#........##
.##...##.....#...## #
......#........# $#.#
...............##<..#
.............#.F@.#..#
...................#
..#...#.......#..#.....
.....#........#.(##.....
###.##........$..# .#...
.#####............ . .#
#..# #............. . #
.#..##.###.......... ..
###....# #..##......#


You could see a giant frog.

Vanquished Creatures
  A worker ant zombie (D:10)
1 creature vanquished.

Notes
Turn   | Place    | Note
--------------------------------------------------------------
     0 | D:1      | MrRokkomies the Formicid Assassin began the quest for the Orb.
     0 | D:1      | Reached XP level 1. HP: 16/16 MP: 1/1
     3 | D:1      | You fall through a shaft!
     6 | D:2      | You fall through a shaft for 2 floors!
     9 | D:4      | You fall through a shaft!
     9 | D:5      | Entered Level 5 of the Dungeon
    12 | D:5      | You fall through a shaft for 2 floors!
    12 | D:7      | Noticed a phantom
    17 | D:7      | You fall through a shaft!
    23 | D:8      | Noticed a water moccasin
    27 | D:8      | You fall through a shaft for 3 floors!
    37 | D:10     | Entered Level 10 of the Dungeon
    61 | D:10     | Noticed a yak
    61 | D:10     | Noticed a yak
    61 | D:10     | Noticed a yak
    90 | D:10     | Reached skill level 1 in Maces & Flails
    90 | D:10     | Reached skill level 1 in Dodging
    90 | D:10     | Reached XP level 2. HP: 16/22 MP: 2/2
   180 | D:10     | Noticed a giant frog
   192 | D:10     | Slain by a giant frog

Action                   || total
-------------------------++-------
Melee: Morningstar       ||     8
       Dagger            ||     1
 Fire: Blowgun           ||     5
 Abil: Shaft Self        ||     6
Evoke: Wand              ||     1
 Stab: Sleeping          ||     1
